 Dungeon Crawl Stone Soup version 0.24-a0-433-gbe6fa4f6cc (webtiles) character file.

Game seed: 13402575446870150194

1138 emperorscorpion the Cleaver (level 8, -3/73 HPs)
             Began as a Minotaur Berserker on June 14, 2019.
             Was a Priest of Trog.
             Slain by a killer bee (5 damage)
             ... on level 8 of the Dungeon.
             The game lasted 00:07:10 (746 turns).

emperorscorpion the Cleaver (Minotaur Berserker)     Turns: 746, Time: 00:07:10

Health: -3/73      AC:  6    Str: 24    XL:     8   Next: 14%
Magic:  7/7        EV: 11    Int:  6    God:    Trog [***...]
Gold:   87         SH:  3    Dex: 10    Spells: 7/7 levels left

rFire    . . .     SeeInvis +   a - +0 hand axe
rCold    . . .     Gourm    .   h - +0 buckler
rNeg     . . .     Faith    .   g - +0 ring mail
rPois    .         Spirit   .   (helmet restricted)
rElec    .         Reflect  .   (no cloak)
rCorr    .         Harm     .   (no gloves)
MR       .....                  (no boots)
Stlth    +.........             (no amulet)
HPRegen  0.22/turn              n - ring of see invisible
MPRegen  0.10/turn              (no ring)

@: lethally poisoned (-3 -> -7), flying (expiring)
A: retaliatory headbutt, horns 2, clever 1, MP-powered wands
a: Berserk, Trog's Hand, Renounce Religion


You were on level 8 of the Dungeon.
You worshipped Trog.
Trog was most pleased with you.
You were hungry.

You visited 1 branch of the dungeon, and saw 9 of its levels.

You collected 87 gold pieces.

Inventory:

Hand Weapons
 a - a +0 hand axe (weapon)
Missiles
 f - 5 boomerangs
 l - a poisoned dart (quivered)
 m - 19 bolts
Armour
 b - a +0 animal skin
 g - a +0 ring mail (worn)
 h - a +0 buckler (worn)
Jewellery
 n - a ring of see invisible (left hand)
Wands
 j - a wand of polymorph (8)
Scrolls
 d - a scroll of remove curse
 i - 2 scrolls of blinking
Comestibles
 c - a ration
 k - 8 chunks of flesh


   Skills:
 + Level 7.1 Fighting
 + Level 8.4 Axes
 + Level 0.3 Throwing
 + Level 5.3 Armour
 + Level 3.6 Dodging
 + Level 0.2 Stealth
 + Level 1.0 Shields


You had 7 spell levels left.
You didn't know any spells.
Your spell library contained the following spells:

 Spells                   Type           Power        Failure   Level  Hunger
 Confusing Touch          Hex            #.....       73%         1    ##.....
 Confuse                  Hex            #.......     97%         3    ####...
 Gell's Gravitas          Tloc           #.........   97%         3    ####...
 Petrify                  Tmut/Erth      #.......     100%        4    #####..
 Metabolic Englaciation   Hex/Ice        #.........   100%        5    ######.
 Yara's Violent Unravell  Hex/Tmut       #.........   100%        5    ######.


Dungeon Overview and Level Annotations

Branches:
Dungeon (9/15)
 Temple: D:4-7         Lair: D:8-11         Orc: D:9-12

Altars:


Innate Abilities, Weirdness & Mutations

You reflexively headbutt those who attack you in melee.
You have a pair of horns on your head.
Your mind is acute. (Int +2)
You expend magic power (3 MP) to strengthen your wands.


Message History

You barely miss the killer bee.
The killer bee is lightly wounded.
The killer bee stings you.
* * * LOW HITPOINT WARNING * * *
You are poisoned.
The killer bee poisons you! The killer bee stings you.
* * * LOW HITPOINT WARNING * * *
Unknown command.
You closely miss the killer bee. Your headbutt misses the killer bee.
The killer bee is lightly wounded.
You feel sick. The killer bee misses you. You furiously retaliate!
You headbutt the killer bee. The killer bee stings you!
* * * LOW HITPOINT WARNING * * *
Unknown command.
You aren't carrying any potions.
You completely miss the killer bee.
The killer bee is heavily wounded.
* * * LOW HITPOINT WARNING * * *
You feel sick. The killer bee stings you.
You die...

#..........########....#.........
#..........##....##...†#.....##..
.......##..##..........#.....##..
.......##..##.........÷#.........
.....).#.........##†..####...##..
.......+########.##.)(####...#
##### #.##.÷........#
####..>)......# +@##....>######
+y##.....## #............
#............ #####.............
#.....##.....##..[ #.....########
### ..........# ........(....


You could see a killer bee.

Vanquished Creatures
  Sigmund (D:5)
  A warg (D:8)
  A sky beast (D:8)
  2 ogres
  2 scorpions
  3 howler monkeys (D:8)
  A bullfrog zombie (D:7)
  A quasit (D:7)
  2 hounds
  3 orc priests
  A bullfrog skeleton (D:7)
  A hound skeleton (D:8)
  2 worker ant zombies (D:3)
  2 adders
  8 river rats (D:4)
  An adder zombie (D:3)
  An adder skeleton (D:3)
  A leopard gecko (D:4)
  8 orcs
  4 bats
  2 giant cockroaches
  A hobgoblin (D:3)
  2 jackals (D:7)
  2 goblins (D:3)
  A jackal skeleton (D:3)
  A kobold (D:2)
  A leopard gecko skeleton (D:7)
  A quokka zombie (D:6)
  14 rats
71 creatures vanquished.

Notes
Turn   | Place    | Note
-------+----------+-------------------------------------------
     0 | D:1      | emperorscorpion the Minotaur Berserker began the quest for
                  | the Orb.
     0 | D:1      | Reached XP level 1. HP: 19/19 MP: 0/0
    39 | D:2      | Reached XP level 2. HP: 27/27 MP: 1/1
    43 | D:2      | Reached skill level 4 in Axes
    94 | D:3      | Reached XP level 3. HP: 33/33 MP: 2/2
   101 | D:3      | Reached ** piety under Trog
   102 | D:3      | Reached XP level 4. HP: 24/41 MP: 3/3
   185 | D:4      | Reached skill level 5 in Axes
   197 | D:4      | Reached skill level 5 in Fighting
   212 | D:5      | Entered Level 5 of the Dungeon
   247 | D:4      | Reached XP level 5. HP: 48/48 MP: 4/4
   306 | D:5      | Noticed Sigmund
   344 | D:5      | Killed Sigmund
   344 | D:5      | Reached skill level 6 in Axes
   344 | D:5      | Reached XP level 6. HP: 21/56 MP: 5/5
   470 | D:6      | Reached skill level 7 in Axes
   483 | D:6      | Reached XP level 7. HP: 41/63 MP: 6/6
   658 | D:8      | Reached *** piety under Trog
   663 | D:8      | Reached skill level 8 in Axes
   667 | D:8      | Reached skill level 5 in Armour
   686 | D:8      | Reached XP level 8. HP: 35/71 MP: 7/7
   701 | D:8      | Gained mutation: You expend magic power (3 MP) to
                  | strengthen your wands. [potion of mutation]
   701 | D:8      | Gained mutation: Your mind is acute. (Int +2) [potion of
                  | mutation]
   729 | D:8      | Reached skill level 1 in Shields
   745 | D:8      | HP: 3/73 [killer bee (8)]
   746 | D:8      | Slain by a killer bee

Levels and vault maps discovered:
D:1:      minmay_arrival_four_circles, layout_basic
D:2:      layout_loops_corners, zin_treasury, minmay_cupped
D:3:      layout_loops_ring, first_ration, serial_undead, serial_undead_c,
          serial_undead_b, serial_undead_c, serial_undead_f, serial_undead_c,
          serial_undead_c, serial_undead_a, serial_undead_f, serial_undead_b,
          serial_undead_e, makhleb_heckhound_becter, uniq_natasha
D:4:      layout_basic, okawaru_trees_2, minmay_temple_entry_wispy,
          dk_rats_in_the_wall
D:5:      layout_gridville, serial_shops,
          nicolae_shop_temple_entry_statues_fountains, uniq_sigmund, uniq_edmund
D:6:      layout_cave_pools, gammafunk_ghost_cemetery, uniq_grinder,
          uniq_eustachio, uniq_menkaure
D:7:      layout_rooms, gammafunk_ghost_grave, chequers_serial_rivers_marsh,
          grunt_decor_one_mirror
D:8:      layout_gridville, lemuel_doored_altar, erik_lair_orcish_takeover,
          kennysheep_generic_room_15, uniq_harold
D:9:      layout_irregular_city, nemelex_xobeh_ov_fountains_minmay,
          serial_shops, shop, nicolae_shop_competitors_out_of_business,
          nicolae_shop_waterfront, shop

Skill      XL: |  1  2  3  4  5  6  7  8 |
---------------+-------------------------+-----
Fighting       | 4 5 6 7 |  7.1
Axes           | 4 5 6 7 8 |  8.4
Armour         | 3 5 |  5.3
Dodging        | 3 |  3.6
Shields        | 1 |  1.0
Throwing       | |  0.3
Stealth        | |  0.2

Action                   |  1- 3 |  4- 6 |  7- 9 || total
-------------------------+-------+-------+-------++-------
Melee: Hand axe          |    19 |    46 |    55 ||   120
       Headbutt          |     3 |     9 |     9 ||    21
Throw: Dart              |       |       |     4 ||     4
Invok: Berserk           |     2 |     4 |     2 ||     8
       Trog's Hand       |       |     1 |       ||     1
  Use: Scroll            |       |     3 |       ||     3
       Potion            |       |     2 |     2 ||     4
  Eat: Chunk             |       |     3 |     4 ||     7
Armor: Animal skin       |     4 |       |       ||     4
       Ring mail         |       |     5 |    24 ||    29
       Skin              |       |     7 |       ||     7
Dodge: Dodged            |    17 |    20 |    37 ||    74
Block: Buckler           |       |     3 |    10 ||    13

Table legend:
 A = Non-vault XP
 B = Vault XP
 C = Vault XP percentage of total XP
 D = Non-vault monster count
 E = Vault monster count
 F = Vault count percentage of total count
                 A         B        C        D         E       F
            +---------+---------+-------+---------+---------+-------
      Total |    1002 |     625 |  38.4 |      40 |      31 |  43.7
            +---------+---------+-------+---------+---------+-------
        D:1 |       2 |       0 |   0.0 |       1 |       0 |   0.0
        D:2 |      16 |       0 |   0.0 |       4 |       0 |   0.0
        D:3 |      60 |      43 |  41.7 |      10 |       5 |  33.3
        D:4 |      45 |     118 |  72.4 |       2 |      21 |  91.3
        D:5 |       0 |     231 | 100.0 |       0 |       1 | 100.0
        D:6 |     243 |       0 |   0.0 |       9 |       0 |   0.0
        D:7 |     200 |       0 |   0.0 |       7 |       0 |   0.0
        D:8 |     436 |     233 |  34.8 |       7 |       4 |  36.4
            +---------+---------+-------+---------+---------+-------
